 Dungeon Crawl Stone Soup version 0.22-a0-374-g5dfd9e3 (webtiles) character file.

1631 JeffiDaFish the Firebug (level 8, 0/57 HPs)
             Began as a Black Draconian Fire Elementalist on Apr 26, 2018.
             Was a Follower of Sif Muna.
             Killed by nerve-wracking pain
             ... invoked by an orc priest
              (2 damage)
             ... on level 6 of the Dungeon.
             The game lasted 00:14:35 (7378 turns).

JeffiDaFish the Firebug (DrFE)                      Turns: 7378, Time: 00:14:36

Health: 0/57       AC:  8    Str: 12    XL:     8   Next: 65%
Magic:  4/17       EV: 12    Int: 19    God:    Sif Muna [*.....]
Gold:   191        SH:  0    Dex: 11    Spells: 7/20 levels left

rFire    . . .     SeeInvis .   h - +3 dagger (speed)
rCold    . . .     Gourm    .   (no shield)
rNeg     . . .     Faith    .   (armour unavailable)
rPois    .         Spirit   .   (helmet restricted)
rElec    +         Reflect  .   e - +1 cloak
rCorr    .         Harm     .   (no gloves)
MR       +....                  (no boots)
Stlth    ++........             (no amulet)
HPRegen  0.19/turn              (no ring)
MPRegen  0.15/turn              (no ring)

@: lethally poisoned (0 -> -1)
A: breathe lightning, unfitting armour, magic resistance 1, electricity
resistance, strong 1, cold-blooded, AC +6
a: Breathe Lightning, Divine Energy, Renounce Religion


You were on level 6 of the Dungeon.
You worshipped Sif Muna.
Sif Muna was aware of your devotion.
You were hungry.

You visited 2 branches of the dungeon, and saw 7 of its levels.

You collected 191 gold pieces.

Inventory:

Hand Weapons
 h - a +3 dagger of speed (weapon)
 i - a +1 whip of electrocution
Armour
 a - a +0 buckler
 e - a +1 cloak (worn)
 f - a scarf of spirit shield
Jewellery
 k - an uncursed ring of protection from cold
Scrolls
 c - a scroll of blinking
Potions
 g - a potion of mutation
Comestibles
 b - 11 rations
 d - 4 chunks of flesh


   Skills:
 - Level 2.1 Dodging
 - Level 1.7 Stealth
 * Level 6.6 Spellcasting
 + Level 4.9 Conjurations
 * Level 7.5 Fire Magic


You had 7 spell levels left.
You knew the following spells:

 Your Spells              Type           Power        Failure   Level  Hunger
a - Flame Tongue          Conj/Fire      ####.        1%          1    None
b - Conjure Flame         Conj/Fire      ####....     2%          3    ##.....
c - Sticky Flame          Conj/Fire      ####....     9%          4    ####...
d - Fireball              Conj/Fire      ####......   22%         5    #####..


Dungeon Overview and Level Annotations

Branches:
Dungeon (6/15)             Temple (1/1) D:5

Altars:
Dithmenos
Fedhas
Gozag
Makhleb
Okawaru
Sif Muna
Uskayaw
Wu Jian
Xom
Yredelemnul
The Shining One

Annotations:
D:6 thechecker02's ghost, novice TrMo


Innate Abilities, Weirdness & Mutations

You can breathe wild blasts of lightning.
Your glossy black scales are hard. (AC +6)
You cannot fit into any form of body armour.
You are resistant to electric shocks. (rElec)
You are cold-blooded and may be slowed by cold attacks.
You are resistant to hostile enchantments. (MR+)
Your muscles are strong. (Str +2)


Message History

An orc and an orc priest come into view.
The orc shouts!
The orc priest barely misses you.
Found a flail.
Casting: Flame Tongue (safe; 1% risk of failure)
Confirm with . or Enter, or press ? or * to list all spells.
Aiming: Sticky Flame (safe; 9% risk of failure)
Press: ? - help, Shift-Dir - straight line, f - orc priest
Aim: an orc priest, wielding a club and wearing a ring mail The sticky flame hits the orc priest.
The orc priest appears unharmed.
The orc priest is covered in liquid flames!
You are feeling hungry.
* * * LOW HITPOINT WARNING * * *
You feel sick.
The orc priest burns!
The orc priest barely misses you.
You hit the orc priest.
The orc priest is moderately wounded.
The orc priest burns!
The orc priest mumbles some strange prayers to Beogh against you.
Pain shoots through your body!
You die...

).# ..# #.# #.#
#####.################
..#...$)....(...........
#oo.......#(############
.###o#.#W# .#.###@#.#.#
..........#.#
#.#.###.#.#.# ...#W#.#
.#####.#.# #.........#
#######.### #.# #.#


You could see an orc priest (burning) and thechecker02's ghost.

Vanquished Creatures
  Sigmund (D:2)
  Menkaure (D:5)
  Edmund (D:4)
  A water moccasin (D:6)
  The ghost of schwasted the Chopper, an amateur HOFi (D:4)
  A centaur (D:5)
  A bullfrog (D:6)
  A scorpion (D:3)
  A howler monkey (D:5)
  A crimson imp (D:5)
  3 hounds
  A bullfrog zombie (D:5)
  A jelly (D:5)
  A centaur skeleton (D:4)
  2 orc priests (D:5)
  A bullfrog skeleton (D:4)
  An iguana (D:6)
  3 orc wizards
  4 worker ants (D:5)
  A killer bee zombie (D:5)
  A worker ant zombie (D:6)
  5 gnolls
  12 adders
  An ooze (D:2)
  3 worms
  3 dart slugs (D:1)
  4 leopard geckos
  18 orcs
  2 ball pythons
  6 giant cockroaches
  6 goblins
  9 hobgoblins
  9 jackals
  2 quokkas
  10 bats
  4 frilled lizards
  6 kobolds
  A quokka skeleton (D:5)
  4 rats
134 creatures vanquished.

Notes
Turn   | Place    | Note
-------+----------+-------------------------------------------
     0 | D:1      | JeffiDaFish the Draconian Fire Elementalist began the quest for the Orb.
     0 | D:1      | Reached XP level 1. HP: 14/14 MP: 3/3
   585 | D:1      | Reached XP level 2. HP: 13/20 MP: 0/5
  1245 | D:1      | Reached XP level 3. HP: 26/26 MP: 6/6
  1253 | D:1      | Learned a level 3 spell: Conjure Flame
  2035 | D:2      | Gained mutation: You are dopey. (Int -2) [potion of mutation]
  2035 | D:2      | Gained mutation: You possess an exceptional clarity of mind. [potion of mutation]
  2120 | D:2      | Reached XP level 4. HP: 25/33 MP: 0/8
  2290 | D:2      | Learned a level 4 spell: Sticky Flame
  2457 | D:2      | Reached skill level 4 in Fire Magic
  2683 | D:2      | Found a blossoming altar of Fedhas.
  2832 | D:2      | Noticed Sigmund
  2844 | D:2      | Killed Sigmund
  2844 | D:2      | Reached XP level 5. HP: 11/38 MP: 0/10
  2844 | D:2      | Reached XP level 6. HP: 13/45 MP: 0/11
  3241 | D:3      | Lost mutation: You are dopey. (Int -2) [potion of mutation]
  3241 | D:3      | Lost mutation: You possess an exceptional clarity of mind. [potion of mutation]
  3241 | D:3      | Gained mutation: Your muscles are strong. (Str +2) [potion of mutation]
  3241 | D:3      | Gained mutation: You are resistant to hostile enchantments. (MR+) [potion of mutation]
  3890 | D:3      | Reached skill level 5 in Fire Magic
  4471 | D:4      | Noticed Edmund
  4486 | D:4      | Killed Edmund
  4486 | D:4      | Your scales start taking on a glossy black colour.
  4486 | D:4      | Reached XP level 7. HP: 30/50 MP: 3/13
  4486 | D:4      | Gained mutation: You are resistant to electric shocks. (rElec) [Black Draconian growth]
  4603 | D:4      | Noticed schwasted's ghost (amateur HOFi)
  4615 | D:4      | Killed schwasted's ghost
  4615 | D:4      | Reached skill level 5 in Spellcasting
  4792 | D:4      | Learned a level 5 spell: Fireball
  5029 | D:4      | Found an opulent altar of Gozag.
  5035 | D:4      | Found a glowing golden altar of the Shining One.
  5224 | D:5      | Entered Level 5 of the Dungeon
  5229 | D:5      | Found a staircase to the Ecumenical Temple.
  5255 | Temple   | Entered the Ecumenical Temple
  5272 | Temple   | Became a worshipper of Sif Muna the Loreminder
  5410 | D:5      | Reached skill level 6 in Fire Magic
  6032 | D:5      | Noticed Menkaure
  6036 | D:5      | Killed Menkaure
  6036 | D:5      | Reached XP level 8. HP: 57/57 MP: 12/16
  6428 | D:5      | Reached * piety under Sif Muna
  6473 | D:5      | Reached skill level 7 in Fire Magic
  7362 | D:6      | Noticed thechecker02's ghost (novice TrMo)
  7377 | D:6      | HP: 2/57 [poisoned by an orc]
  7378 | D:6      | Killed from afar by an orc priest

Vault maps used:
D:1:      wheals_arrival_linesprint, minmay_misc_feat_four_crosses
D:2:      fedhas_altar_fruit_tree, uniq_sigmund
D:4:      minitemple, uniq_edmund
D:5:      temple_statues, first_ration, uniq_menkaure
Temple:   regret_index_temple_chain_breaker

Skill      XL: |  1  2  3  4  5  6  7  8 |
---------------+-------------------------+-----
Dodging        | 2 |  2.1
Conjurations   | 2 3 4 |  4.9
Spellcasting   | 3 4 5 6 |  6.6
Fire Magic     | 4 5 6 7 |  7.5
Stealth        | |  1.7

Action                   |  1- 3 |  4- 6 |  7- 9 || total
-------------------------+-------+-------+-------++-------
Melee: Unarmed           |    20 |       |       ||    20
       Short sword       |    23 |       |       ||    23
       Dagger            |    59 |    65 |   234 ||   358
       Tailslap          |     3 |     5 |    32 ||    40
 Cast: Flame Tongue      |    36 |    63 |    57 ||   156
       Sticky Flame      |       |     4 |    20 ||    24
       Conjure Flame     |       |       |     1 ||     1
  Use: Scroll            |     3 |     4 |     4 ||    11
       Potion            |     1 |     3 |     4 ||     8
 Stab: Sleeping          |     3 |     1 |       ||     4
  Eat: Chunk             |     4 |     8 |    12 ||    24
Armor: Skin              |    39 |    22 |    79 ||   140
Dodge: Dodged            |    59 |    45 |   136 ||   240

Table legend:
 A = Spawn XP
 B = Non-spawn XP
 C = Spawn XP percentage of total XP
 D = Spawn monster count
 E = Non-spawn monster count
 F = Spawn count percentage of total count
 G = Total turns spent on level
                    A         B        C        D         E        F      G
               +---------+---------+-------+---------+---------+-------+---------
         Total |       0 |    2330 |   0.0 |       0 |     134 |   0.0 |  7378
               +---------+---------+-------+---------+---------+-------+---------
           D:1 |       0 |      67 |   0.0 |       0 |      28 |   0.0 |  2007
           D:2 |       0 |     352 |   0.0 |       0 |      27 |   0.0 |  1121
           D:3 |       0 |     161 |   0.0 |       0 |      17 |   0.0 |  1210
           D:4 |       0 |     447 |   0.0 |       0 |      11 |   0.0 |   886
           D:5 |       0 |     954 |   0.0 |       0 |      35 |   0.0 |  1730
           D:6 |       0 |     349 |   0.0 |       0 |      16 |   0.0 |   391
               +---------+---------+-------+---------+---------+-------+---------
